 Dungeon Crawl Stone Soup version 0.20-a0-217-g17e8ceb (webtiles) character file.

32 FitzyFitz the Gusty (level 3, -6/19 HPs)
             Began as a Tengu Air Elementalist on Nov 29, 2016.
             Killed from afar by Sigmund (8 damage)
             ... with a magic dart
             ... on level 2 of the Dungeon.
             The game lasted 00:06:53 (1635 turns).

FitzyFitz the Gusty (Tengu Air Elementalist)        Turns: 1635, Time: 00:06:54

Health: -6/19      AC:  3    Str: 13    XL:     3   Next: 27%
Magic:  7/7        EV: 12    Int: 16    God:
Gold:   63         SH:  0    Dex: 14    Spells: 1/6 levels left

rFire  . . .     SeeInvis .     h - +0 dagger
rCold  . . .     Gourm    .     a - +0 robe
rNeg   . . .     Faith    .     (no shield)
rPois  .         Spirit   .     (helmet restricted)
rElec  .         Reflect  .     (no cloak)
rCorr  .         Harm     .     d - +0 pair of gloves
MR     .....                    (boots unavailable)
Stlth  ++........               (no amulet)
                                (no ring)
                                p - ring of wizardry

@: mighty
A: beak, talons 3
a: no special abilities


You were on level 2 of the Dungeon.
You were not hungry.

You visited 1 branch of the dungeon, and saw 2 of its levels.

You collected 63 gold pieces.

Inventory:

Hand Weapons
 h - a +0 dagger (weapon)
 o - a cursed -2 hunting sling
Missiles
 k - 54 stones (quivered)
Armour
 a - a +0 robe (worn)
 d - a +0 pair of gloves (worn)
Jewellery
 p - a ring of wizardry (left hand)
Scrolls
 e - a scroll of remove curse {unknown}
 i - a scroll of recharging {unknown}
 l - 2 scrolls of identify {unknown}
 m - a scroll of blinking {unknown}
Potions
 f - a potion of might
 g - a potion of lignification {unknown}
 j - a potion of heal wounds {unknown}
 n - a potion of mutation {unknown}
Books
 b - a book of Air

   Spells                             Type                      Level
   a - Shock                          Conjuration/Air              1
   b - Swiftness                      Charms/Air                   2
   c - Repel Missiles                 Charms/Air                   2
   d - Static Discharge               Conjuration/Air              3
   e - Lightning Bolt                 Conjuration/Air              5
Comestibles
 c - a bread ration


   Skills:
 - Level 2.1 Dodging
 - Level 2.0 Stealth
 - Level 2.0 Spellcasting
 + Level 3.0 Conjurations
 * Level 4.9 Air Magic


You had one spell level left.
You knew the following spells:

 Your Spells              Type           Power        Failure   Level  Hunger
a - Shock                 Conj/Air       ##..         2%          1    #......
h - Swiftness             Chrm/Air       #.......     6%          2    ###....
n - Repel Missiles        Chrm/Air       #.....       6%          2    ###....


Dungeon Overview and Level Annotations

Branches:
Dungeon (2/15)

Altars:

Annotations:
D:2 Sigmund


Innate Abilities, Weirdness & Mutations

You have a beak for a mouth.
You have claws for feet.


Message History

You start to feel a little slower.
You feel sluggish.
You start to feel a little faster.
Sigmund gestures at you while chanting. The magic dart hits you!
You no longer feel sluggish.
Sigmund casts a spell at you. The magic dart hits you!
Sigmund gestures wildly while chanting.
Sigmund flickers and vanishes!
Deactivating autopickup; reactivate with Ctrl-A.
A puff of flame appears from out of thin air!
The puff of flame is repelled.
You feel less protected from missiles.
A puff of flame appears from out of thin air!
The puff of flame hits you!
* * * LOW HITPOINT WARNING * * *
A magic dart appears from out of thin air!
The magic dart hits you!
You die...

#......@...............
#####.####{#.#..#######
#.# #.#.##.# #.#
#.#.##..# #.# #.#.###.#
#.# #.#.# .# #.# #.#.#
.. #.####.#.# #.#
#....@.# .# #..######
.. #.......# ##.####.#
#.# ########.#
.........# .........#
.........#


There were no monsters in sight!

Vanquished Creatures
  A worm (D:2)
  3 dart slugs (D:1)
  A giant cockroach (D:1)
  2 hobgoblins (D:1)
  4 jackals (D:1)
  5 bats
  A frilled lizard (D:1)
  2 goblins (D:1)
  3 kobolds (D:1)
22 creatures vanquished.

Notes
Turn   | Place    | Note
-------+----------+-------------------------------------------
     0 | D:1      | FitzyFitz the Tengu Air Elementalist began the quest for the Orb.
     0 | D:1      | Reached XP level 1. HP: 10/10 MP: 4/4
   311 | D:1      | Reached XP level 2. HP: 15/15 MP: 3/6
   909 | D:1      | Reached XP level 3. HP: 19/19 MP: 7/7
  1000 | D:1      | Learned a level 2 spell: Repel Missiles
  1003 | D:1      | Learned a level 2 spell: Swiftness
  1599 | D:2      | Noticed Sigmund
  1635 | D:2      | Killed from afar by Sigmund

Vault maps used:
D:1:      lemuel_arrival_lava_pool, minmay_misc_feat_encased,
          grunt_decor_one_mirror
D:2:      uniq_sigmund

Skill      XL: |  1  2  3 |
---------------+----------+-----
Conjurations   | 2 3 |  3.0
Dodging        | |  2.1
Stealth        | |  2.0
Spellcasting   | |  2.0
Air Magic      | |  4.9

Action                   || total
-------------------------++-------
Melee: Unarmed           ||     1
       Dagger            ||    28
       Peck              ||     2
       Kick              ||     1
 Cast: Shock             ||    43
       Repel Missiles    ||     1
       Swiftness         ||     1
  Use: Potion            ||     1
 Stab: Sleeping          ||     2
  Eat: Chunk             ||     3
Armor: Robe              ||    22
Dodge: Dodged            ||    37
       Deflected         ||     1
